Unix NetHack Version 5.0.0-0 post-release - last build May  4 2026 22:22:43 (774f63e81ad911689b3a0859ea89b322d5daca8d,branch:main).

Game began 2026-05-06 08:44:32, ended 2026-05-06 09:33:36.

182320070181818, lawful female dwarven Valkyrie

                                 -------------
                                 |@a.........|
                                 |.a..........
                                 -------.-----
         ------------                 ###
         |..........|                  ##
         |..........|                  ##
         |....<.....|                  #
         |..........-##           ######
         ------------ (           #
                       ##         #
                        ##        #
                         ####     #
                            #     #
                            #  ---.--
                            ###.....|
                               |.....
                               ------

182320070181818 the Skirmisher  St:16 Dx:11 Co:19 In:11 Wi:7 Ch:9  Lawful
Dlvl:4  $:18 HP:0(48) Pw:5(5) AC:6  Xp:4 T:1807 

Latest messages:
 Whammm!!
 In what direction? 6
 As you kick the door, it crashes open!
 You see here a chest.
 q - a chest.
 The kobold lady hits!
 You hit the kobold lady!
 You kill the kobold lady!
 Welcome to experience level 4.
 The iguana bites!
 You miss the iguana.
 You hit the iguana.
 The iguana bites!
 You hit the iguana!
 The iguana bites!
 You miss the iguana.
 You miss the iguana.
 The iguana bites!
 You kill the iguana!
 The giant ant bites!
 The giant ant bites!
 The giant ant bites!
 The giant ant misses!
 The giant ant bites!
 The giant ant bites!
 The giant ant bites!
 The giant ant just misses!
 The giant ant bites!
 The giant ant bites!
 The giant ant bites!
 The giant ant bites!
 The giant ant bites!
 The giant ant bites!
 The giant ant misses!
 The giant ant bites!
 A little dart shoots out at you!
 A little dart misses you.
 The giant ant bites!
 The giant ant bites!
 You miss the giant ant.
 The giant ant bites!
 The giant ant bites!
 You miss the giant ant.
 The giant ant bites!
 You die...
 Do you want your possessions identified? [ynq] (y) y
 Do you want to see your attributes? [ynq] (y) y
 Do you want an account of creatures vanquished? [ynaq] (y) y
 Do you want to see your conduct and achievements? [ynq] (y) y
 Do you want to see the dungeon overview? [ynq] (y) y

Inventory:
 Coins    ('$')
  $ - 18 gold pieces
 Weapons  (')')
  g - 15 +0 darts
  b - a +1 dagger (weapon in right hand)
  a - a +1 dwarvish spear (alternate weapon; not wielded)
  j - a +0 orcish dagger
 Armor    ('[')
  h - an uncursed +0 orcish helm
  n - an uncursed +0 orcish helm
  c - an uncursed +3 small shield (being worn)
 Comestibles  ('%')
  i - an uncursed cream pie
  d - 3 uncursed food rations
  o - an uncursed tripe ration
 Scrolls  ('?')
  l - a cursed scroll of identify
 Tools    ('(')
  q - an uncursed unlocked chest containing 2 items

Contents of the chest:
  an uncursed scroll of enchant armor
  a cursed potion of paralysis

182320070181818 the Valkyrie's attributes:

Background:
 You were a Skirmisher, a level 4 dwarven Valkyrie.
 You were lawful, nominally on a mission for Tyr
 who was opposed by Odin (neutral) and Loki (chaotic).
 You were right-handed.
 You were in the Dungeons of Doom, on level 4.
 You entered the dungeon 1807 turns ago.
 You had 86 experience points, 74 more were needed to attain level 5.

Basics:
 You had 0 out of 48 hit points.
 You had all 5 energy points (spell power).
 Your armor class was 6.
 Your wallet contained 18 zorkmids.
 Autopickup was off.

Final Characteristics:
 Your strength was 16 (peak:18/01, limit:18/100).
 Your dexterity was 11 (limit:20).
 Your constitution was 19 (limit:20).
 Your intelligence was 11 (limit:16).
 Your wisdom was 7 (limit:16).
 Your charisma was 9 (limit:16).

Final Status:
 You weren't hungry.
 You were unencumbered.
 You were wielding a dagger.
 You had basic skill with dagger.

Final Attributes:
 You were devoutly aligned.
 You were cold resistant.
 You had infravision.
 You were stealthy.
 You are dead.

Miscellaneous:
 You didn't encounter any bones levels.
 Total elapsed playing time was 48 minutes and 46 seconds.

Major events:
 Turn
    1: 182320070181818 the lawful dwarven Valkyrie entered the dungeon
 1124: attained the rank of Skirmisher (level 3)
 1807: killed by a giant ant

You didn't know any spells.

Skills:
 Fighting Skills
   bare handed combat [Unskilled]
   two weapon combat  [Unskilled]
   riding             [Unskilled]
 Weapon Skills
   dagger             [Basic]
   axe                [Unskilled]
   pick-axe           [Unskilled]
   short sword        [Unskilled]
   broadsword         [Unskilled]
   long sword         [Unskilled]
   two-handed sword   [Unskilled]
   saber              [Unskilled]
   hammer             [Unskilled]
   quarterstaff       [Unskilled]
   polearms           [Unskilled]
   spear              [Basic]
   trident            [Unskilled]
   lance              [Unskilled]
   sling              [Unskilled]
 Spellcasting Skills
   attack spells      [Unskilled]
   escape spells      [Unskilled]

Voluntary challenges:
 Character rerolling was not enabled.
 You were an atheist.
 You never genocided any monsters.
 You never polymorphed an object.
 You never changed form.
 You used no wishes.
Achievement:
 You attained the rank of Skirmisher.

 The Dungeons of Doom: levels 1 to 4
    Level 1:
       A fountain.
    Level 2:
    Level 3:
       A fountain.
    Level 4: <- You were here.
       Final resting place for
          you, killed by a giant ant.


Vanquished creatures:
  a shrieker
  a little dog
  a kobold leader
 an iguana
  a large kobold
  a brown mold
  a yellow mold
  2 jackals
  6 goblins
  4 sewer rats
  3 lichens
  a kobold zombie
  2 newts
25 creatures vanquished.

No species were genocided or became extinct.

Game over:
                       ----------
                      /          \
                     /    REST    \
                    /      IN      \
                   /     PEACE      \
                  /                  \
                  | 182320070181818  |
                  |      18 Au       |
                  |   killed by a    |
                  |    giant ant     |
                  |                  |
                  |                  |
                  |       2026       |
                 *|     *  *  *      | *
        _________)/\\_//(\/(/\)/\//\/|_)_______

Farvel 182320070181818 the Valkyrie...

You died in The Dungeons of Doom on dungeon level 4 with 511 points,
and 18 pieces of gold, after 1807 moves.
You were level 4 with a maximum of 48 hit points when you died.

